 Dungeon Crawl Stone Soup version bcrawl-1.37.2 (webtiles) character file.

Game seed: 14720649405452002430

457590 foxfromabyss the Bludgeoner (level 16, 0/181 HPs)
             Began as an Ogre Archaeologist on Dec 2, 2022.
             Was the Champion of Okawaru.
             Slain by a naga mage
             ... wielding a +2 halberd of freezing
              (14 damage)
             ... on level 1 of the Snake Pit.
             The game lasted 00:41:45 (26401 turns).

foxfromabyss the Bludgeoner (Ogre Archaeologist)   Turns: 26401, Time: 00:41:45

Health: 0/181      AC: 19    Str: 24    XL:     16   Next: 20%
Magic:  1/22       EV:  8    Int: 17    God:    Okawaru [******]
Gold:   2120       SH: 10    Dex:  7    Spells: 13/15 levels left

rFire    + + +     GDR:     29% s - +1 demon whip (elec)
rCold    + . .     SeeInvis +   y - +0 medium shield {rPois}
rNeg     + . .     Gourm    .   i - +2 pearl dragon scales
rPois    +         Faith    .   U - +1 hat {MR+}
rElec    +         Spirit   .   a - scarf {repulsion}
rCorr    .         Reflect  .   (gloves unavailable)
MR       ++...                  (boots unavailable)
Stlth    ..........             B - amulet of Nicecha {Acrobat rF++ rC+ SInv Stlth-}
HPRegen  0.40/turn              M - ring of protection from fire
MPRegen  0.18/turn              Z - ring of insulation

@: lethally poisoned (0 -> 0), repel missiles
A: large, unfitting armour, rugged brown scales 1, clever 1, tough skin 1
a: Heroism, Finesse, Renounce Religion


You were on level 1 of the Snake Pit.
You worshipped Okawaru.
Okawaru was exalted by your worship.
You were hungry.

You visited 4 branches of the dungeon, and saw 20 of its levels.
You also visited: Gauntlet.

You collected 2381 gold pieces.
You spent 261 gold pieces at shops.

Inventory:

Hand Weapons
 b - a +0 blowgun
 h - the +5 giant spiked club "Caenaniwn" {venom, rF- rC+ SInv}
   (You acquired it on level 4 of the Dungeon)

   It poisons the flesh of those it strikes.
   It makes you vulnerable to fire.
   It protects you from cold.
   It lets you see invisible.
 s - a +1 demon whip of electrocution (weapon)
 K - the +0 great mace of Equivalence {crush, *Slow +Blink Str+4 Stlth+}
   (Okawaru gifted it to you on level 8 of the Dungeon)

   It will always inflict at least some extra damage.
   This minimum extra damage increases with your current reserve of magical
   power.
   It affects your strength (+4).
   It lets you blink.
   It may slow you when you take damage.
   It makes you more stealthy.
Missiles
 f - 54 curare-tipped needles
 u - 29 needles of confusion
 L - 621 poisoned tomahawks (quivered)
Armour
 a - a scarf of repulsion (worn)
 i - +2 pearl dragon scales (worn)
 y - a +0 medium shield of poison resistance (worn)
 U - a +1 hat of magic resistance (worn)
Jewellery
 j - an uncursed ring of protection from cold
 B - the amulet of Nicecha (around neck) {Acrobat rF++ rC+ SInv Stlth-}
   (You found it in a Gauntlet)

   [amulet of the acrobat]

   It helps you evade while moving and waiting.
   It greatly protects you from fire.
   It protects you from cold.
   It lets you see invisible.
   It makes you less stealthy.
 D - an uncursed ring of protection from magic
 M - a ring of protection from fire (left hand)
 V - a +5 amulet of reflection
 Z - a ring of insulation (right hand)
Wands
 x - a wand of iceblast (15)
 O - a wand of acid (21)
 R - a wand of disintegration (10)
 W - a wand of flame (7)
Scrolls
 g - 3 scrolls of magic mapping
 n - 15 scrolls of teleportation
 p - a scroll of blinking
 C - 10 scrolls of remove curse
 H - 2 scrolls of vulnerability
 I - 3 scrolls of immolation {unknown}
 J - 4 scrolls of fear
 P - a scroll of fog {unknown}
 X - 2 scrolls of silence
Potions
 c - a potion of lignification
 k - 3 potions of might
 l - 2 potions of mutation
 o - a potion of berserk rage
 q - 7 potions of curing
 r - 3 potions of agility
 t - 4 potions of heal wounds
 v - 2 potions of magic
 w - 3 potions of resistance
 A - 10 potions of brilliance
 E - a potion of invisibility
 N - a potion of flight
Miscellaneous
 d - a phantom mirror
 z - a fan of gales (2/2)
 Q - a phial of floods
 S - a lightning rod (4/4)
 T - a phial of floods
Comestibles
 e - 35 rations {!d}
 m - a chunk of flesh


   Skills:
 - Level 15.1 Fighting
 - Level 17.1 Maces & Flails
 - Level 10.3 Armour
 - Level 11.2 Dodging
 - Level 2.4 Stealth
 + Level 6.6 Shields
 - Level 8.6 Invocations
 - Level 6.2 Evocations


You had 13 spell levels left.
You knew the following spells:

 Your Spells              Type           Power        Failure   Level  Hunger
a - Passwall              Tmut/Erth      #.......     97%         2    ####...

Your spell library contained the following spells:

 Spells                   Type           Power        Failure   Level  Hunger
 Throw Frost              Conj/Ice       #.....       73%         2    ####...
 Beastly Appendage        Tmut           #.....       90%         1    None
 Flame Tongue             Conj/Fire      #....        90%         1    None
 Freeze                   Ice            #.....       90%         1    None
 Necrotize                Necr           #.....       90%         1    None
 Sandblast                Erth           #.....       90%         1    None
 Sting                    Conj/Pois      #...         90%         1    None
 Summon Small Mammal      Summ           #...         90%         1    None
 Call Imp                 Summ           #.....       97%         2    ####...
 Poisonous Vapours        Pois/Air       #.....       97%         2    ####...
 Sticks to Snakes         Tmut           #.......     97%         2    ####...
 Call Canine Familiar     Summ           #.......     99%         3    #####..
 Conjure Flame            Conj/Fire      #.......     99%         3    #####..
 Mephitic Cloud           Conj/Pois/Air  #.......     99%         3    #####..
 Ozocubu's Armour         Chrm/Ice       #.......     99%         3    #####..
 Recall                   Summ/Tloc      N/A          99%         3    #####..
 Spider Form              Tmut/Pois      #..          99%         3    #####..
 Stone Arrow              Conj/Erth      #.....       99%         3    #####..
 Vampiric Draining        Necr           #.........   99%         3    #####..
 Agony                    Necr           #.......     100%        4    ######.
 Animate Dead             Necr           N/A          100%        4    ######.
 Fulminant Prism          Conj/Hex       #.........   100%        4    ######.
 Ice Form                 Ice/Tmut       #.......     100%        4    ######.
 Petrify                  Tmut/Erth      #.........   100%        4    ######.
 Summon Ice Beast         Ice/Summ       #.......     100%        4    ######.
 Throw Icicle             Conj/Ice       #.......     100%        4    ######.
 Blade Hands              Tmut           #.........   100%        5    #######
 Dispel Undead            Necr           #.......     100%        5    #######
 Freezing Cloud           Ice/Air        #.......     100%        5    #######
 Lee's Rapid Deconstruct  Erth           #.........   100%        5    #######
 Metabolic Englaciation   Hex/Ice        #.........   100%        5    #######
 Steam Barrier            Chrm/Fire      #.........   100%        5    #######
 Summon Lightning Spire   Summ/Air       #.......     100%        5    #######
 Venom Bolt               Conj/Pois      #.........   100%        5    #######
 Bolt of Cold             Conj/Ice       #.........   100%        6    #######
 Conjure Ball Lightning   Conj/Air       #.........   100%        6    #######
 Ozocubu's Refrigeration  Ice            #.........   100%        6    #######
 Simulacrum               Ice/Necr       #.......     100%        6    #######
 Orb of Destruction       Conj           #.........   100%        7    #######
 Spellforged Servitor     Conj/Summ      #.........   100%        7    #######
 Tornado                  Tloc/Air       #.........   100%        8    #######


Dungeon Overview and Level Annotations

Branches:
Dungeon (12/12)            Temple (0/1) D:7            Lair (6/6) D:7
  Snake (1/3) Lair:4       Spider (0/3) Lair:3        Slime (0/5) Lair:5
    Orc (1/1) D:11            Elf (0/3) Orc          Vaults (0/3) D:11
 Depths (0/5) D:12

Altars:
Ashenzari
Cheibriados
Makhleb
Nemelex Xobeh
Okawaru
Ru
Sif Muna
Vehumet
Wu Jian
Xom
Yredelemnul
The Shining One
Beogh
Jiyva

Shops:
D:7 [?(*(   D:10 %   Orc (!**%   Snake:1 }

Annotations:
Lair:1 3 runed translucent doors, Mehrunes's ghost, journeyman HuEE


Innate Abilities, Weirdness & Mutations

You are too large for most types of armour.
You have tough skin. (AC +1)
You are partially covered in rugged brown scales. (AC +1, +3% HP)
Your mind is acute. (Int +2)


Message History

You thrash the mana viper!!
You kill the mana viper!
Okawaru accepts your kill.
The naga mage hits you from afar with a +2 halberd of freezing!
* * * LOW HITPOINT WARNING * * *
The naga mage freezes you.
* * * LOW HITPOINT WARNING * * *
You whack the black mamba!
The black mamba is heavily wounded.
The black mamba bites you but does no damage.
You thrash the black mamba!!
You kill the black mamba!
Okawaru accepts your kill.
You feel sick. You block the naga mage's attack.
You hit the black mamba.
The black mamba is heavily wounded.
The black mamba bites you!
* * * LOW HITPOINT WARNING * * *
The naga mage hits you from afar with a +2 halberd of freezing!
You die...

##....### #
#####.......##
.............##
.............# ####
#.........####..##
##...##...#......##
#..###S..ยง........
#.. #S##
##....###....
##..## ##@# ######
##...
###....########..#
#...
..............N..#
#....
................##
#....
..........>......#
#....
.................#
#....
#....).......(..##
#....
#...............#
#...............#


You could see a black mamba and a naga mage.

Vanquished Creatures
  Gastronok (Lair:3)
  Rupert (Lair:3)
  An orc warlord (Orc)
  A minotaur (Gauntlet)
  Snorg (Lair:6)
  A green death (Gauntlet)
  Erolcha (D:9)
  6 hydras
  5 two-headed ogres
  4 catoblepae (Lair:6)
  3 anacondas
  Sonja (Lair:4)
  6 death yaks (Lair:6)
  A naga sharpshooter (Snake:1)
  2 goliath frogs (Lair:6)
  Nergalle (D:9)
  2 centaur warriors
  An unseen horror (D:12)
  An orc knight (D:12)
  A phantasmal warrior (D:12)
  A frost giant zombie (D:12)
  Pikel (D:4)
  A necromancer (D:12)
  A cyclops (D:10)
  2 salamanders (Snake:1)
  3 manticores
  3 mana vipers (Snake:1)
  A fire giant zombie (D:12)
  5 orc sorcerers (Orc)
  21 slime creatures
  A deep elf mage (D:11)
  A fire giant skeleton (D:12)
  8 black mambas
  17 elephants
  A water nymph (shapeshifter) (D:12)
  A torpor snail (Lair:6)
  9 cane toads
  A naga mage (Snake:1)
  An orange demon (Gauntlet)
  A gargoyle (D:12)
  3 rime drakes
  6 komodo dragons
  A demonic crawler (Lair:3)
  An eye of draining (D:12)
  3 kobold demonologists
  Maurice (D:9)
  2 guardian mummies (D:12)
  6 trolls
  A wolf spider simulacrum (Gauntlet)
  A polar bear (shapeshifter) (Gauntlet)
  A hornet (D:9)
  A yaktaur skeleton (D:12)
  Grinder (D:4)
  Prince Ribbit (D:7)
  7 hippogriffs
  7 dream sheep (Lair:6)
  20 blink frogs
  A hippogriff (shapeshifter) (Gauntlet)
  Grum (Lair:3)
  A spriggan (D:8)
  3 shadows
  73 yaks
  A wyvern (Lair:6)
  A hungry ghost (D:8)
  5 basilisks
  3 nagas (Snake:1)
  2 wargs (Orc)
  Menkaure (D:6)
  14 crocodiles
  17 water moccasins
  3 ice beasts
  13 porcupines
  Duvessa (D:4)
  3 meliai simulacra (Gauntlet)
  18 orc warriors
  A hornet zombie (D:12)
  3 black bears
  10 ogres
  2 sky beasts
  A necrophage (D:5)
  3 phantoms
  21 wolves
  3 kobold brigands
  9 bullfrogs
  Blork the orc (D:8)
  A gnoll sergeant (D:8)
  Dowan (D:4)
  18 centaurs
  6 scorpions
  10 killer bees (D:8)
  7 wights
  19 orc priests
  An electric eel (Lair:3)
  3 crimson imps
  A howler monkey (D:5)
  3 hounds
  A wyvern simulacrum (Gauntlet)
  Crazy Yiuf (D:7)
  15 jellies
  A gnoll shaman (D:5)
  38 orc wizards
  3 iguanas
  9 worker ants
  2 hound zombies
  3 hound skeletons
  A worker ant zombie (D:9)
  10 gnolls
  A howler monkey skeleton (D:6)
  14 adders
  4 shadow imps
  2 oozes
  2 adder skeletons
  A dart slug (D:5)
  3 worms
  4 leopard geckos
  74 orcs
  2 giant cockroaches (D:1)
  8 hobgoblins
  4 jackals (D:1)
  5 quokkas
  4 ball pythons
  7 bats
  5 goblins
  13 kobolds
  2 quokka skeletons
  4 rats
  6 fungi
  12 plants
730 creatures vanquished.

Vanquished Creatures (others)
  A centaur (D:12)
  An orc (D:4)
  A quokka (D:4)
  5 fungi
  20 plants
  7 withered plants (D:12)
35 creatures vanquished.

Grand Total: 765 creatures vanquished

Notes
Turn   | Place    | Note
-------+----------+-------------------------------------------
     0 | D:1      | foxfromabyss the Ogre Archaeologist began the quest for the
                  | Orb.
     0 | D:1      | Reached XP level 1. HP: 19/19 MP: 1/1
    75 | D:1      | Reached skill level 2 in Maces & Flails
   181 | D:1      | Reached XP level 2. HP: 27/27 MP: 2/2
   327 | D:1      | Reached skill level 3 in Maces & Flails
   504 | D:1      | Reached XP level 3. HP: 28/33 MP: 3/3
   959 | D:2      | Reached skill level 4 in Maces & Flails
  1586 | D:2      | Reached XP level 4. HP: 30/41 MP: 4/4
  1713 | D:2      | Found a sacrificial altar of Ru.
  1977 | D:3      | Found an iron altar of Okawaru.
  1992 | D:3      | Became a worshipper of Warmaster Okawaru
  2113 | D:3      | Reached skill level 5 in Maces & Flails
  2720 | D:4      | Noticed an ogre
  2743 | D:4      | Killed an ogre
  2744 | D:4      | Reached skill level 6 in Maces & Flails
  2744 | D:4      | Reached XP level 5. HP: 11/48 MP: 5/5
  2744 | D:4      | Identified a scroll of acquirement
  2745 | D:4      | Identified the +5 giant spiked club "Caenaniwn" {venom, rF-
                  | rC+ SInv} (You acquired it on level 4 of the Dungeon)
  3012 | D:4      | Noticed a sky beast
  3025 | D:4      | Killed a sky beast
  3025 | D:4      | Reached * piety under Okawaru
  3026 | D:4      | Reached skill level 7 in Maces & Flails
  3026 | D:4      | Reached XP level 6. HP: 8/55 MP: 6/6
  3169 | D:4      | Got a fine wooden ring
  3271 | D:4      | Noticed a slave
  3272 | D:4      | Noticed a slave
  3289 | D:4      | Reached skill level 8 in Maces & Flails
  3300 | D:4      | Noticed Pikel
  3314 | D:4      | Noticed a slave
  3315 | D:4      | Noticed a slave
  3317 | D:4      | Killed Pikel
  3318 | D:4      | Reached skill level 10 in Maces & Flails
  3318 | D:4      | Reached XP level 7. HP: 44/62 MP: 7/7
  3423 | D:4      | Found a sparkling altar of Nemelex Xobeh.
  3447 | D:4      | Reached XP level 8. HP: 62/70 MP: 8/8
  3514 | D:4      | Noticed Duvessa
  3526 | D:4      | Killed Duvessa
  3526 | D:4      | Reached ** piety under Okawaru
  3527 | D:4      | Reached skill level 11 in Maces & Flails
  3529 | D:4      | Noticed Dowan
  3548 | D:4      | Killed Dowan
  4059 | D:4      | Found an ornate altar of the Wu Jian Council.
  4059 | D:4      | Found a shimmering blue altar of Sif Muna.
  4060 | D:4      | Found a basalt altar of Yredelemnul.
  4077 | D:4      | Noticed Grinder
  4081 | D:4      | Killed Grinder
  4156 | D:5      | Entered Level 5 of the Dungeon
  4332 | D:5      | Identified the ring of Issofear {Fire *Drain MR+ MP+9} (You
                  | found it on level 4 of the Dungeon)
  4410 | D:5      | Reached skill level 5 in Fighting
  4410 | D:5      | Reached skill level 12 in Maces & Flails
  4625 | D:5      | Found a shattered altar of Ashenzari.
  4790 | D:5      | Reached XP level 9. HP: 80/86 MP: 9/9
  5083 | D:6      | Reached *** piety under Okawaru
  5547 | D:6      | Reached **** piety under Okawaru
  5548 | D:6      | Reached skill level 13 in Maces & Flails
  5791 | D:6      | Noticed Menkaure
  5803 | D:6      | Killed Menkaure
  6013 | D:7      | Noticed Prince Ribbit
  6019 | D:7      | Killed Prince Ribbit
  6170 | D:7      | Found Onouhuh's Antique Weapon Emporium.
  6254 | D:7      | Reached XP level 10. HP: 92/106 MP: 10/10
  6270 | D:7      | Found a shimmering altar of Xom.
  6292 | D:7      | Found Nigox's Weapon Shop.
  6302 | D:7      | Noticed a two-headed ogre
  6313 | D:7      | Killed a two-headed ogre
  6313 | D:7      | Reached ***** piety under Okawaru
  6314 | D:7      | Reached skill level 10 in Fighting
  6314 | D:7      | Reached skill level 14 in Maces & Flails
  6331 | D:7      | Found Xuzuy's Assorted Antiques.
  6604 | D:7      | Found Zias's Magic Scroll Shoppe.
  6622 | D:7      | Bought a scroll of fear for 60 gold pieces
  6622 | D:7      | Bought a scroll of teleportation for 36 gold pieces
  6622 | D:7      | Bought a scroll of remove curse for 36 gold pieces
  6622 | D:7      | Bought a scroll of blinking for 90 gold pieces
  6643 | D:7      | Found Dinnurosk's Armour Boutique.
  6692 | D:7      | Found a staircase to the Lair.
  6760 | D:7      | Found a burning altar of Makhleb.
  6783 | D:7      | Found a staircase to the Ecumenical Temple.
  6894 | D:7      | Found a runed door.
  6898 | D:7      | Noticed Crazy Yiuf
  6901 | D:7      | Killed Crazy Yiuf
  6966 | D:8      | Noticed Blork the orc
  6984 | D:8      | Received a gift from Okawaru
  6987 | D:8      | Got a shimmering great mace {god gift}
  6988 | D:8      | Identified the +0 great mace of Equivalence {crush, *Slow
                  | +Blink Str+4 Stlth+} (Okawaru gifted it to you on level 8
                  | of the Dungeon)
  7011 | D:8      | Killed Blork the orc
  7139 | D:8      | Reached skill level 15 in Maces & Flails
  7252 | D:8      | Reached XP level 11. HP: 31/123 MP: 11/11
  7360 | D:8      | Found a radiant altar of Vehumet.
  7463 | D:8      | Found a snail-covered altar of Cheibriados.
  8023 | Lair:1   | Entered Level 1 of the Lair of Beasts
  8246 | Lair:1   | Learned a level 2 spell: Passwall
  8343 | Lair:1   | Received a gift from Okawaru
  8356 | Lair:1   | Got a masterwork giant spiked club {god gift}
  8357 | Lair:1   | Identified the +5 giant spiked club "Asanyhai" {pain, Int+3
                  | Dex+3} (Okawaru gifted it to you on level 1 of the Lair of
                  | Beasts)
  8726 | Lair:1   | Found a runed translucent gate.
  8727 | Lair:1   | Found a runed translucent gate.
  8728 | Lair:1   | Found a runed translucent gate.
  8729 | Lair:1   | Noticed Mehrunes's ghost (journeyman HuEE)
  8730 | Lair:1   | Noticed a death ooze
  8733 | Lair:1   | Found a viscous altar of Jiyva.
  8958 | Lair:2   | Got a slimy bronze ring
  9037 | Lair:2   | Identified the ring of Hesadeiw {+Fly Stlth+} (You found it
                  | on level 2 of the Lair of Beasts)
  9116 | Lair:2   | Reached ****** piety under Okawaru
  9311 | Lair:2   | Reached skill level 5 in Dodging
  9313 | Lair:2   | Received a gift from Okawaru
  9571 | Lair:2   | Noticed an eight-headed hydra
  9589 | Lair:2   | Killed an eight-headed hydra
  9589 | Lair:2   | Received a gift from Okawaru
  9590 | Lair:2   | Reached XP level 12. HP: 54/136 MP: 12/12
 10259 | Lair:3   | Found a hole to the Spider Nest.
 10262 | Lair:3   | Reached skill level 1 in Invocations
 10297 | Lair:3   | Noticed Gastronok
 10622 | Lair:3   | Killed Gastronok
 10622 | Lair:3   | Received a gift from Okawaru
 10623 | Lair:3   | Reached skill level 10 in Dodging
 10623 | Lair:3   | Reached skill level 5 in Invocations
 10815 | Lair:3   | Noticed Rupert
 10832 | Lair:3   | Killed Rupert
 10833 | Lair:3   | Reached XP level 13. HP: 128/144 MP: 18/18
 10957 | Lair:3   | Noticed Grum
 10974 | Lair:3   | Killed Grum
 11528 | Lair:4   | Noticed Sonja
 11574 | Lair:4   | Found the +9 sword of Zonguldrok {reap}
 11578 | Lair:4   | Found a staircase to the Snake Pit.
 11578 | Lair:4   | HP: 3/144 [black mamba (9)]
 12200 | D:9      | Noticed Maurice
 12238 | D:9      | Killed Maurice
 12365 | D:9      | Noticed Nergalle
 12372 | D:9      | Killed Nergalle
 12549 | D:9      | Got a scintillating golden ring
 12553 | D:9      | Found a shattered altar of Ashenzari.
 12571 | D:9      | Identified the ring "Ugunkool" {Ice Int+2} (You found it on
                  | level 9 of the Dungeon)
 12594 | D:9      | Noticed Erolcha
 12611 | D:10     | Entered Level 10 of the Dungeon
 12648 | D:9      | Killed Erolcha
 12648 | D:9      | Received a gift from Okawaru
 12758 | D:10     | Reached skill level 1 in Armour
 12879 | D:10     | Found Dyfept's Food Shoppe.
 14959 | Lair:4   | Reached skill level 5 in Armour
 15522 | Lair:4   | Received a gift from Okawaru
 15523 | Lair:4   | Reached XP level 14. HP: 153/153 MP: 20/20
 15680 | Lair:4   | Killed Sonja
 16512 | Lair:5   | Found a staircase to the Slime Pits.
 16512 | Lair:5   | Found a viscous altar of Jiyva.
 17396 | Lair:6   | Entered Level 6 of the Lair of Beasts
 18018 | Lair:6   | Received a gift from Okawaru
 18593 | Lair:6   | Reached skill level 1 in Evocations
 18601 | Lair:6   | Reached skill level 10 in Armour
 18926 | Lair:6   | Noticed Snorg
 18936 | Lair:6   | Killed Snorg
 19161 | Lair:6   | Reached skill level 16 in Maces & Flails
 19441 | Lair:6   | Received a gift from Okawaru
 19442 | Lair:6   | Reached XP level 15. HP: 157/161 MP: 14/21
 19726 | Lair:6   | Got a smoking pewter ring
 20061 | Lair:1   | Identified the cursed ring of Secrets {Int+3 Dex+6} (You
                  | found it on level 6 of the Lair of Beasts)
 20295 | D:11     | Found a gate to the Vaults.
 20434 | D:11     | Found a staircase to the Orcish Mines.
 20553 | D:11     | Received a gift from Okawaru
 20572 | D:11     | Got a jewelled cloak {god gift}
 20578 | D:11     | Identified the +1 cloak "Liretab Isau" {Dex+4} (Okawaru
                  | gifted it to you on level 11 of the Dungeon)
 20917 | D:11     | Reached skill level 5 in Evocations
 21029 | D:11     | Found a glowing golden altar of the Shining One.
 21052 | D:11     | Got an ebony scimitar
 21104 | D:11     | Identified the +7 scimitar "Focaell" {distort, Int+6 Dex+3}
                  | (You found it on level 11 of the Dungeon)
 21139 | D:11     | Gained mutation: Scrolls take you a little longer to read.
                  | [mutagenic glow]
 21141 | D:11     | Lost mutation: Scrolls take you a little longer to read.
                  | [potion of mutation]
 21141 | D:11     | Gained mutation: Your mind is acute. (Int +2) [potion of
                  | mutation]
 21141 | D:11     | Gained mutation: You are partially covered in rugged brown
                  | scales. (AC +1, +3% HP) [potion of mutation]
 21188 | D:12     | Entered Level 12 of the Dungeon
 21194 | D:12     | Identified the ring of Tej Usim {*Drain rC+ rN+ Int+7
                  | Dex+6} (You acquired it on level 12 of the Dungeon)
 21638 | D:12     | Found a gate leading to a gauntlet.
 21638 | D:12     | Found a snail-covered altar of Cheibriados.
 21649 | Gauntlet | Entered a Gauntlet
 21649 | Gauntlet | Found a transporter.
 21658 | Gauntlet | Found a transporter.
 21673 | Gauntlet | Found a transporter.
 21679 | Gauntlet | Found a transporter.
 21694 | Gauntlet | Found a transporter.
 21713 | Gauntlet | Found a transporter.
 21725 | Gauntlet | Found a transporter.
 21736 | Gauntlet | Found the amulet of the Air {Inacc +Fly rElec EV+5 RMsl}
 21737 | Gauntlet | Found a transporter.
 21749 | Gauntlet | Found a transporter.
 21761 | Gauntlet | Found a transporter.
 21778 | Gauntlet | Found a transporter.
 21795 | Gauntlet | Found a transporter.
 21797 | Gauntlet | Found a transporter.
 21823 | Gauntlet | Found a transporter.
 21825 | Gauntlet | Found a transporter.
 21847 | Gauntlet | Found a transporter.
 21927 | Gauntlet | Found a transporter.
 21953 | Gauntlet | Found a transporter.
 22105 | Gauntlet | Got a tattered robe
 22138 | Gauntlet | Got a twisted trident
 22269 | Gauntlet | Identified Anodia's Compendium of Combat Magic and
                  | Displacement
 22272 | Gauntlet | Got a twitching zirconium amulet
 22316 | Gauntlet | Identified the cursed +3 spear "Tujem" {pierce, rN+ Int-4
                  | Stlth+}
 22316 | Gauntlet | Identified the +10 plate armour of Caintek {rF+ MP+9
                  | Slay+4}
 22539 | D:12     | Found a staircase to the Depths.
 22573 | D:12     | HP: 6/169 [frost giant zombie (9)]
 22875 | D:12     | Reached skill level 17 in Maces & Flails
 22974 | D:12     | Reached skill level 15 in Fighting
 24000 | Lair:2   | Identified the cursed +1 robe of Honour {MR+ Str+4 Dex+4}
                  | (You found it in a Gauntlet)
 24267 | Orc      | Entered the Orcish Mines
 24390 | Orc      | Reached skill level 1 in Shields
 24738 | Orc      | Found a roughly hewn altar of Beogh.
 24784 | Orc      | Found Gimori's General Store.
 24793 | Orc      | Identified the amulet of Nicecha {Acrobat rF++ rC+ SInv
                  | Stlth-} (You found it in a Gauntlet)
 24812 | Orc      | Found Fummeirgh's Food Boutique.
 24935 | Orc      | Noticed an orc warlord
 24949 | Orc      | Killed an orc warlord
 24949 | Orc      | Received a gift from Okawaru
 24955 | Orc      | Reached XP level 16. HP: 71/181 MP: 20/22
 25398 | Orc      | Found Gujagez's Weapon Shop.
 25586 | Orc      | Found a staircase to the Elven Halls.
 25612 | Orc      | Found Cocaj's Distillery.
 25612 | Orc      | Found Cocab's Assorted Antiques.
 25617 | Orc      | Bought a potion of berserk rage for 39 gold pieces
 26017 | Snake:1  | Entered Level 1 of the Snake Pit
 26078 | Snake:1  | Reached skill level 5 in Shields
 26321 | Snake:1  | Found Dija's Gadget Boutique.
 26401 | Snake:1  | Slain by a naga mage

Skill      XL: |  1  2  3  4  5  6  7  8  9 10 11 12 13 14 15 16 |
---------------+-------------------------------------------------+-----
Maces & Flails | 2 3 4 6 7 10 12 13 15 16 17 | 17.1
Fighting       | 5 9 12 13 15 | 15.1
Dodging        | 7 10 11 | 11.2
Invocations    | 7 8 |  8.6
Armour         | 6 10 | 10.3
Evocations     | 3 6 |  6.2
Shields        | 4 6 |  6.6
Stealth        | |  2.4

Action                   |  1- 3 |  4- 6 |  7- 9 | 10-12 | 13-15 | 16-18 || total
-------------------------+-------+-------+-------+-------+-------+-------++-------
Melee: Whip              |   191 |   122 |       |       |       |       ||   313
       Giant spiked club |       |    40 |   167 |   300 |   838 |    31 ||  1376
       Great mace        |       |       |       |    35 |    18 |       ||    53
       Demon whip        |       |       |       |       |    81 |    98 ||   179
Throw: Tomahawk          |       |       |       |     7 |     4 |       ||    11
Invok: Heroism           |       |       |       |     6 |    12 |       ||    18
       Finesse           |       |       |       |     1 |     1 |       ||     2
Evoke: Wand              |       |       |       |       |     2 |       ||     2
  Use: Scroll            |       |     1 |       |     8 |    18 |       ||    27
       Potion            |       |       |       |     4 |     3 |       ||     7
 Stab: Sleeping          |     4 |     2 |     1 |     1 |       |       ||     8
       Petrified         |       |       |       |       |     6 |       ||     6
  Eat: Chunk             |     7 |     9 |    12 |    28 |    48 |     7 ||   111
       Ration            |       |       |     1 |       |     6 |       ||     7
Armor: Robe              |    90 |    40 |    38 |     1 |       |       ||   169
       Troll leather arm |       |       |       |   174 |    86 |       ||   260
       Pearl dragon scal |       |       |       |       |   502 |    45 ||   547
Dodge: Dodged            |   107 |    85 |    97 |   274 |   416 |    55 ||  1034
       Deflected         |       |       |       |       |    23 |    12 ||    35
Block: Other             |       |       |       |       |   102 |       ||   102
       Reflection        |       |       |       |       |    14 |       ||    14
       Medium shield     |       |       |       |       |     6 |    43 ||    49
